 Dungeon Crawl Stone Soup version 0.20-a0-317-gc038824 (webtiles) character file.

11028 Leibowitz the Nimble (level 11, -6/133 HPs)
             Began as a Demigod Gladiator on Dec 21, 2016.
             Mangled by a five-headed hydra (12 damage)
             ... on level 1 of the Lair of Beasts.
             The game lasted 00:46:18 (13896 turns).

Leibowitz the Nimble (Demigod Gladiator)           Turns: 13896, Time: 00:46:19

Health: -6/133     AC: 10    Str: 25    XL:     11   Next: 20%
Magic:  14/14      EV: 19    Int: 12    God:
Gold:   633        SH:  5    Dex: 20    Spells: 10/10 levels left

rFire  + . .     SeeInvis +     a - +1 dagger (venom)
rCold  + . .     Gourm    .     w - +2 leather armour {rC+}
rNeg   . . .     Faith    .     F - +0 buckler
rPois  .         Spirit   .     u - +1 hat {SInv}
rElec  .         Reflect  .     s - +1 cloak
rCorr  +         Harm     .     H - +0 pair of gloves
MR     +....                    (no boots)
Stlth  ..........               k - amulet of rage
                                h - ring of resist corrosion
                                l - ring of protection from fire

@: berserking, very quick
A: high mp 1
a: Evoke Berserk Rage


You were on level 1 of the Lair of Beasts.
You were very hungry.

You visited 2 branches of the dungeon, and saw 11 of its levels.

You collected 633 gold pieces.

Inventory:

Hand Weapons
 a - a +1 dagger of venom (weapon)
 o - a +1 rapier
Missiles
 c - 49 poisoned needles
 d - 2 throwing nets (quivered)
Armour
 s - a +1 cloak (worn)
 t - a +0 robe of fire resistance
 u - a +1 hat of see invisible (worn)
 w - a +2 leather armour of cold resistance (worn)
 F - a +0 buckler (worn)
 H - a +0 pair of gloves (worn)
Jewellery
 h - a ring of resist corrosion (right hand)
 k - an amulet of rage (around neck)
 l - a ring of protection from fire (left hand)
 m - a +1 ring of protection
 y - an uncursed ring of fire
Wands
 b - a wand of acid (0/15)
 x - a wand of flame (28/48)
 C - a wand of iceblast (4/15)
 D - a wand of teleportation (1/9)
 E - a wand of confusion (22/48)
Scrolls
 e - 7 scrolls of identify
 g - 3 scrolls of amnesia
 i - 3 scrolls of recharging
 p - 3 scrolls of remove curse
 v - 3 scrolls of enchant weapon
 B - a scroll of magic mapping
Potions
 q - a potion of brilliance
 z - a potion of might
 G - a potion of heal wounds
Comestibles
 f - 6 bread rations
 j - 3 beef jerkies
 n - 7 meat rations
 r - 10 slices of pizza
 A - 4 chunks of flesh


   Skills:
 + Level 6.1 Fighting
 + Level 8.6 Short Blades
 + Level 2.2 Throwing
 + Level 5.1 Armour
 * Level 10.0 Dodging
 * Level 7.9 Stealth
 * Level 1.5 Shields
 + Level 1.0 Evocations


You had 10 spell levels left.
You didn't know any spells.

Dungeon Overview and Level Annotations

Branches:
Dungeon (10/15)            Temple (0/1) D:6            Lair (1/6) D:9
    Orc: D:9-12

Annotations:
D:7 Vesto's ghost, novice MiFi
D:8 GordonOverkill's ghost, novice MiBe
D:10 sadgrasan's ghost, journeyman FoFi


Innate Abilities, Weirdness & Mutations

You have an increased reservoir of magic. (+10% MP)


Message History

The five-headed hydra is moderately wounded.
The five-headed hydra closely misses you.
The five-headed hydra bites you.
* * * LOW HITPOINT WARNING * * *
The five-headed hydra closely misses you.
The five-headed hydra bites you but does no damage.
You block the five-headed hydra's attack.
You barely miss the five-headed hydra.
The five-headed hydra is moderately wounded.
You puncture the five-headed hydra!
The five-headed hydra is heavily wounded.
You puncture the five-headed hydra!
The five-headed hydra is severely wounded.
You block the five-headed hydra's attack.
The five-headed hydra bites you.
* * * LOW HITPOINT WARNING * * *
The five-headed hydra misses you.
The five-headed hydra barely misses you.
The five-headed hydra bites you!
You die...

###P#############.#.####P#######
......†.........................
.......##..#..#.................
....... #######.................
...../. #..............##.#
....... ###.............####
?......###.##P#.............#
..$...........D....####..##.#
...D##########.@...# ####..##
##<....# ##..# #......# #..##
##.....# ##.# #.....# ### #..###
#.....###.####...##
P...........≈......
P..####....≈≈..>... #.##
##..≈≈≈≈≈.≈≈≈


You could see a five-headed hydra.

Vanquished Creatures
  5 two-headed ogres
  A centaur zombie (D:10)
  A troll (D:9)
  3 blink frogs (Lair:1)
  2 hippogriffs
  5 yaks (Lair:1)
  4 hogs (D:7)
  A hungry ghost (D:10)
  A human (D:7)
  3 water moccasins
  4 orc warriors
  3 phantoms
  4 ice beasts
  A black bear (D:8)
  3 ogres
  A necrophage (D:10)
  4 wolves (Lair:1)
  5 centaurs
  9 bullfrogs
  A gnoll sergeant (D:10)
  A wyvern skeleton (D:9)
  A scorpion (D:7)
  2 wights
  An electric eel (Lair:1)
  A crimson imp (D:7)
  A bullfrog zombie (D:5)
  5 hounds
  A quasit (D:9)
  6 orc priests
  3 centaur skeletons
  5 jellies
  A gnoll shaman (D:4)
  5 iguanas
  5 worker ants
  9 orc wizards
  A hound skeleton (D:8)
  8 gnolls
  11 adders
  A howler monkey skeleton (D:4)
  2 shadow imps
  An adder zombie (D:9)
  3 worms
  3 dart slugs
  6 leopard geckos
  44 orcs
  3 bats
  4 giant cockroaches
  9 goblins
  5 hobgoblins
  7 jackals
  A quokka (D:10)
  2 ball pythons
  4 frilled lizards
  5 kobolds
  A leopard gecko skeleton (D:9)
  2 quokka zombies (D:5)
  11 rats
242 creatures vanquished.

Vanquished Creatures (others)
  2 fungi (Lair:1)
  A plant (Lair:1)
3 creatures vanquished.

Grand Total: 245 creatures vanquished

Notes
Turn   | Place    | Note
-------+----------+-------------------------------------------
     0 | D:1      | Leibowitz the Demigod Gladiator began the quest for the Orb.
     0 | D:1      | Reached XP level 1. HP: 17/17 MP: 3/3
    49 | D:1      | Gained mutation: You tend to lose your temper in combat. [potion of mutation]
    49 | D:1      | Gained mutation: Your mind is acute. (Int +2) [potion of mutation]
    49 | D:1      | Gained mutation: Your body sometimes deteriorates upon taking damage. [potion of mutation]
   203 | D:1      | Reached skill level 3 in Dodging
   440 | D:1      | Reached XP level 2. HP: 21/24 MP: 4/4
   917 | D:2      | Reached XP level 3. HP: 21/29 MP: 5/5
  1139 | D:2      | Reached skill level 1 in Stealth
  2116 | D:3      | Reached XP level 4. HP: 25/36 MP: 6/6
  2799 | D:4      | Reached skill level 1 in Armour
  2799 | D:4      | Reached XP level 5. HP: 22/41 MP: 7/7
  2942 | D:4      | Noticed a phantom
  2974 | D:4      | Killed a phantom
  3131 | D:4      | Noticed an ogre
  3140 | D:4      | Killed an ogre
  3140 | D:4      | Reached skill level 4 in Dodging
  3140 | D:4      | Reached XP level 6. HP: 19/49 MP: 8/8
  3637 | D:4      | HP: 2/50 [gnoll/spear (4)]
  4126 | D:5      | Entered Level 5 of the Dungeon
  5219 | D:6      | Reached skill level 5 in Short Blades
  5219 | D:6      | Reached XP level 7. HP: 46/56 MP: 9/9
  5458 | D:7      | Noticed Vesto's ghost (novice MiFi)
  5865 | D:6      | Reached skill level 5 in Dodging
  6003 | D:6      | Reached XP level 8. HP: 63/63 MP: 11/11
  6382 | D:6      | Found a staircase to the Ecumenical Temple.
  7035 | D:7      | Reached skill level 6 in Dodging
  7394 | D:8      | Reached skill level 5 in Stealth
  7770 | D:8      | Noticed a two-headed ogre
  7791 | D:8      | Killed a two-headed ogre
  7791 | D:8      | Reached XP level 9. HP: 53/72 MP: 12/12
  8042 | D:8      | Reached skill level 7 in Dodging
  8049 | D:8      | Noticed GordonOverkill's ghost (novice MiBe)
  9238 | D:9      | Found a staircase to the Lair.
  9317 | D:9      | Reached skill level 5 in Fighting
  9708 | D:9      | Noticed a two-headed ogre
  9775 | D:9      | Killed a two-headed ogre
  9775 | D:9      | Reached skill level 8 in Dodging
  9775 | D:9      | Reached XP level 10. HP: 26/81 MP: 13/13
 10235 | D:9      | Noticed a two-headed ogre
 10266 | D:9      | Killed a two-headed ogre
 10590 | D:8      | Noticed a two-headed ogre
 10632 | D:8      | Killed a two-headed ogre
 10751 | D:8      | Noticed a two-headed ogre
 10796 | D:8      | Killed a two-headed ogre
 10796 | D:8      | Reached skill level 9 in Dodging
 11351 | D:7      | Reached skill level 1 in Evocations
 11970 | D:10     | Entered Level 10 of the Dungeon
 12134 | D:10     | Noticed sadgrasan's ghost (journeyman FoFi)
 12379 | D:10     | Reached skill level 5 in Armour
 12379 | D:10     | Reached XP level 11. HP: 89/89 MP: 14/14
 12412 | D:10     | Lost mutation: You tend to lose your temper in combat. [potion of cure mutation]
 12412 | D:10     | Lost mutation: Your body sometimes deteriorates upon taking damage. [potion of cure mutation]
 12412 | D:10     | Lost mutation: Your mind is acute. (Int +2) [potion of cure mutation]
 12618 | Lair:1   | Entered Level 1 of the Lair of Beasts
 13448 | Lair:1   | Reached skill level 1 in Shields
 13684 | Lair:1   | Reached skill level 10 in Dodging
 13813 | Lair:1   | Noticed a five-headed hydra
 13896 | Lair:1   | HP: 6/133 [five-headed hydra (3)]
 13896 | Lair:1   | Mangled by a five-headed hydra

Vault maps used:
D:1:      saegor_arrival_miasma
D:2:      minmay_pentomino_p4
D:3:      first_bread, chequers_big_river
D:5:      serial_co_window_serial, co_window_paths_a, co_window_cross_1,
          co_window_corner_a, co_window_paths_b, co_window_cross_1,
          co_window_cross_2, co_window_2corner, co_window_corner_b,
          co_window_broadway_b, co_window_2corner, co_window_2corner,
          co_window_unsneaky_path_b, co_window_paths_d
D:6:      sword_in_stone
D:7:      grunt_livestock
D:9:      lair_entry_dummy, grunt_decor_mini_mirrors, wad_rectangle_vault
Lair:1:   infiniplex_staircase_pool

Skill      XL: |  1  2  3  4  5  6  7  8  9 10 11 |
---------------+----------------------------------+-----
Dodging        | 3 4 5 6 8 9 10 | 10.0
Short Blades   | 3 4 5 7 8 |  8.6
Stealth        | 1 2 3 4 5 6 7 |  7.9
Fighting       | 2 3 4 5 6 |  6.1
Armour         | 1 2 3 4 5 |  5.1
Throwing       | 2 |  2.2
Evocations     | 1 |  1.0
Shields        | 1 |  1.5

Action                   |  1- 3 |  4- 6 |  7- 9 | 10-12 || total
-------------------------+-------+-------+-------+-------++-------
Melee: Rapier            |   188 |    16 |       |       ||   204
       Dagger            |       |   193 |   539 |   511 ||  1243
Throw: Throwing net      |       |       |     4 |     1 ||     5
 Abil: Evoke Berserk Rag |       |     1 |       |     2 ||     3
Evoke: Wand              |       |       |       |     5 ||     5
  Use: Potion            |     4 |     5 |     3 |     2 ||    14
       Scroll            |     6 |     4 |     1 |     4 ||    15
 Stab: Sleeping          |     2 |     6 |     8 |     4 ||    20
       Held in net/web   |       |       |     4 |       ||     4
       Confused          |       |       |       |     1 ||     1
       Distracted        |       |       |       |     1 ||     1
  Eat: Chunk             |     4 |     9 |    15 |    14 ||    42
       Beef jerky        |       |     1 |       |       ||     1
Armor: Leather armour    |    48 |    27 |    89 |    53 ||   217
Dodge: Dodged            |   133 |    99 |   307 |   326 ||   865
Block: Buckler           |       |       |       |    23 ||    23
